 Dungeon Crawl Stone Soup version 0.23.2-30-g0e89c35649 (webtiles) character file.

Game seed: 8489833792171019112

245 doot the Gusty (level 6, -4/51 HPs)
             Began as a Tengu Air Elementalist on June 25, 2019.
             Slain by Duvessa
             ... wielding a +0 short sword
              (8 damage)
             ... on level 4 of the Dungeon.
             The game lasted 00:08:55 (3605 turns).

doot the Gusty (Tengu Air Elementalist)             Turns: 3605, Time: 00:08:56

Health: -4/51      AC: 23    Str:  8    XL:     6   Next: 10%
Magic:  0/12       EV:  2    Int: 23    God:
Gold:   123        SH:  0    Dex: 14    Spells: 6/11 levels left

rFire    . . .     SeeInvis .   m - +0 falchion
rCold    . . .     Gourm    .   (no shield)
rNeg     + + +     Faith    .   (armour currently unavailable)
rPois    +         Spirit   .   (helmet currently unavailable)
rElec    .         Reflect  .   (cloak currently unavailable)
rCorr    .         Harm     .   (gloves currently unavailable)
MR       .....     NoTele   +   (boots unavailable)
Stlth    ++........             (no amulet)
HPRegen  0.17/turn              e - +4 ring of evasion
MPRegen  0.13/turn              (no ring)

@: brilliant, tree-form, very slightly contaminated, invisible
A: able to fly
a: Stop Flying


You were on level 4 of the Dungeon.
You were not hungry.
You were a tree.
You visited 1 branch of the dungeon, and saw 4 of its levels.

You collected 123 gold pieces.

Inventory:

Hand Weapons
 b - a +0 whip
 m - a +0 falchion (weapon)
Armour
 a - a +0 robe
 h - a +0 cloak (melded)
 k - a +0 leather armour (melded)
 s - a +0 pair of gloves (melded)
Jewellery
 e - a +4 ring of evasion (left branch)
Wands
 t - a wand of iceblast (6)
Scrolls
 d - 4 scrolls of teleportation {unknown}
 f - 2 scrolls of magic mapping {unknown}
 g - a scroll of amnesia {unknown}
 i - a scroll of enchant weapon {unknown}
 o - 2 scrolls of remove curse {unknown}
 p - a scroll of fear {unknown}
 q - a scroll of random uselessness {unknown}
 r - a scroll of identify {unknown}
Potions
 j - a potion of invisibility
 v - a potion of haste {unknown}
Comestibles
 c - 8 rations


   Skills:
 + Level 1.0 Fighting
 + Level 1.4 Armour
 + Level 2.6 Dodging
 + Level 2.6 Stealth
 + Level 3.3 Spellcasting
 + Level 2.6 Conjurations
 + Level 6.1 Air Magic


You had 6 spell levels left.
You knew the following spells:

 Your Spells              Type           Power        Failure   Level  Hunger
a - Shock                 Conj/Air       ####         1%          1    None
b - Airstrike             Air            #####.....   1%          4    ####...

Your spell library contained the following spells:

 Spells                   Type           Power        Failure   Level  Hunger
 Swiftness                Chrm/Air       ####....     1%          2    ##.....
 Static Discharge         Conj/Air       #####...     1%          3    ###....
 Lightning Bolt           Conj/Air       #####.....   6%          5    ######.


Dungeon Overview and Level Annotations

Branches:
Dungeon (4/15)
 Temple: D:4-7

Altars:
Elyvilon

Annotations:
D:2 Sigmund
D:4 Duvessa


Innate Abilities, Weirdness & Mutations

((You have a beak for a mouth.))
((You have claws for feet.))
You can fly continuously.


Message History

Your experience leads to an increase in your attributes!
Increase (S)trength, (I)ntelligence, or (D)exterity?
You feel clever.
The zap hits Duvessa but does no damage.
Duvessa is severely wounded.
Duvessa hits you with a +0 short sword!
* * * LOW HITPOINT WARNING * * *
You fade into invisibility!
Duvessa barely misses you. Duvessa closely misses you.
It was a potion of lignification.
You turn into a tree.
Your +0 cloak melds into your body.
Your +0 pair of gloves melds into your body.
Your +0 leather armour melds into your body.
Your roots penetrate the ground.
Duvessa hits you with a +0 short sword.
* * * LOW HITPOINT WARNING * * *
Unknown command.
It was a potion of brilliance.
You feel clever all of a sudden. Duvessa hits you with a +0 short sword!
You die...

#.#..##.#####
#####+#..# .#
.......#>##.#
............#
........######
...(.........#
###+########o#
#e# #♣# #.#
#.# #.# #.#
#.# ######.#
#<.....#
########


You could see Duvessa (berserk) and an orc.

Vanquished Creatures
  Dowan (D:4)
  2 orc priests
  An orc wizard (D:4)
  Robin (D:3)
  A gnoll (D:1)
  2 adders
  An ooze (D:3)
  An adder skeleton (D:4)
  A worm (D:2)
  2 dart slugs (D:1)
  10 orcs
  5 bats
  A giant cockroach (D:2)
  4 hobgoblins
  A quokka (D:4)
  3 ball pythons
  4 frilled lizards (D:1)
  8 goblins
  4 kobolds
  A leopard gecko skeleton (D:4)
  3 rats
57 creatures vanquished.

Notes
Turn   | Place    | Note
-------+----------+-------------------------------------------
     0 | D:1      | doot the Tengu Air Elementalist began the quest for the
                  | Orb.
     0 | D:1      | Reached XP level 1. HP: 10/10 MP: 4/4
   404 | D:1      | Reached XP level 2. HP: 15/15 MP: 3/6
   626 | D:1      | Reached skill level 5 in Air Magic
   829 | D:1      | Reached XP level 3. HP: 10/19 MP: 0/7
  1704 | D:2      | Reached XP level 4. HP: 24/24 MP: 3/8
  1751 | D:2      | You fall through a shaft!
  1796 | D:3      | Found a white marble altar of Elyvilon.
  2257 | D:3      | Noticed Robin
  2275 | D:3      | Killed Robin
  2417 | D:3      | Learned a level 4 spell: Airstrike
  2433 | D:3      | Reached skill level 1 in Fighting
  2677 | D:3      | Gained mutation: You can fly continuously. [Tengu growth]
  2677 | D:3      | Reached XP level 5. HP: 29/29 MP: 8/10
  3067 | D:4      | Noticed an ogre
  3332 | D:2      | Noticed Sigmund
  3559 | D:4      | Noticed Dowan
  3561 | D:4      | Noticed Duvessa
  3562 | D:4      | Reached skill level 1 in Armour
  3602 | D:4      | Killed Dowan
  3602 | D:4      | Reached skill level 6 in Air Magic
  3602 | D:4      | Reached XP level 6. HP: 19/34 MP: 0/12
  3605 | D:4      | Slain by Duvessa

Skill      XL: |  1  2  3  4  5 |
---------------+----------------+-----
Air Magic      | 5 6 |  6.1
Conjurations   | 2 |  2.6
Fighting       | 1 |  1.0
Armour         | 1 |  1.4
Spellcasting   | 3 |  3.3
Dodging        | |  2.6
Stealth        | |  2.6

Action                   |  1- 3 |  4- 6 || total
-------------------------+-------+-------++-------
Melee: Whip              |     7 |     4 ||    11
       Kick              |     2 |     5 ||     7
       Peck              |     1 |     2 ||     3
       Falchion          |       |     7 ||     7
 Cast: Shock             |    42 |    85 ||   127
 Abil: Fly               |       |     1 ||     1
  Use: Potion            |       |     3 ||     3
  Eat: Chunk             |     2 |     7 ||     9
Armor: Robe              |     2 |       ||     2
       Leather armour    |     1 |    11 ||    12
Dodge: Dodged            |    13 |    39 ||    52
       Rpst.: Falchion   |       |    16 ||    16
